 Dungeon Crawl Stone Soup version 0.24-a0-613-g1ff6aac338 (webtiles) character file.

Game seed: 15578383256615251684, levelgen mode: deterministic

3459 Htamos the Cleaver (level 10, -8/81 HPs)
             Began as a Hill Orc Fire Elementalist on Sept 12, 2019.
             Was an Elder of Kikubaaqudgha.
             Mangled by a manticore (10 damage)
             ... on level 8 of the Dungeon.
             The game lasted 00:26:48 (11938 turns).

Htamos the Cleaver (Hill Orc Fire Elementalist)    Turns: 11938, Time: 00:26:48

Health: -8/81      AC: 14    Str: 15    XL:     10   Next: 6%
Magic:  16/16      EV:  7    Int: 19    God:    Kikubaaqudgha [****..]
Gold:   369        SH:  3    Dex: 11    Spells: 16/17 levels left

rFire    . . .     SeeInvis .   o - +5 hand axe
rCold    . . .     Gourm    +   y - +0 buckler
rNeg     . . .     Faith    .   h - +1 chain mail
rPois    +         Spirit   .   (helmet restricted)
rElec    .         Reflect  .   m - +1 cloak
rCorr    .         Harm     .   (no gloves)
MR       .....                  q - +0 pair of boots
Stlth    ..........             p - amulet of the gourmand
HPRegen  0.23/turn              r - ring of poison resistance
MPRegen  0.15/turn              D - +2 ring of intelligence

@: no status effects
A: beak, clever 1
a: Receive Corpses, Renounce Religion


You were on level 8 of the Dungeon.
You worshipped Kikubaaqudgha.
Kikubaaqudgha was greatly pleased with you.
You were not hungry.

You visited 1 branch of the dungeon, and saw 8 of its levels.

You collected 369 gold pieces.

Inventory:

Hand Weapons
 d - a +0 club
 e - a +0 short sword
 i - a +1 dagger of electrocution
 j - a +2 flail of holy wrath
 o - a +5 hand axe (weapon)
Missiles
 v - 7 silver boomerangs (quivered)
Armour
 a - a +0 robe
 h - a +1 chain mail (worn)
 m - a +1 cloak (worn)
 q - a +0 pair of boots (worn)
 y - a +0 buckler (worn)
Magical Staves
 t - an uncursed staff of conjuration
Jewellery
 k - a cursed +2 ring of strength {unknown}
 p - an amulet of the gourmand (around neck)
 r - a ring of poison resistance (left hand)
 D - a +2 ring of intelligence (right hand)
Wands
 l - a wand of digging (3)
Scrolls
 b - 4 scrolls of identify {@rr}
 n - 4 scrolls of teleportation
 u - a scroll of fear
 z - 6 scrolls of remove curse
 A - 2 scrolls of immolation
 B - 2 scrolls of noise
Potions
 f - a potion of mutation
 g - 3 potions of degeneration
 x - 2 potions of haste
Comestibles
 c - 14 rations


   Skills:
 + Level 5.4 Fighting
 - Level 0.1 Short Blades
 * Level 9.1 Axes
 + Level 4.9 Armour
 + Level 4.3 Dodging
 - Level 2.6 Stealth
 - Level 4.0 Spellcasting
 + Level 4.7 Conjurations
 + Level 6.3 Fire Magic


You had 16 spell levels left.
You knew the following spells:

 Your Spells              Type           Power        Failure   Level  Hunger
a - Flame Tongue          Conj/Fire      ####.        38%         1    None

Your spell library contained the following spells:

 Spells                   Type           Power        Failure   Level  Hunger
 Throw Flame              Conj/Fire      ####..       52%         2    ##.....
 Conjure Flame            Conj/Fire      ####....     77%         3    ###....
 Inner Flame              Hex/Fire       ###.....     97%         3    ###....
 Pain                     Necr           #...         99%         1    None
 Corpse Rot               Necr           N/A          99%         2    ##.....
 Sublimation of Blood     Necr           #.........   99%         2    ##.....
 Sticky Flame             Conj/Fire      ####....     99%         4    ####...
 Regeneration             Chrm/Necr      #.........   100%        3    ###....
 Bolt of Draining         Conj/Necr      ##........   100%        5    ######.
 Borgnjor's Vile Clutch   Necr/Erth      #.........   100%        5    ######.
 Dispel Undead            Necr           #.......     100%        5    ######.
 Excruciating Wounds      Chrm/Necr      #.........   100%        5    ######.
 Fireball                 Conj/Fire      ####......   100%        5    ######.
 Simulacrum               Ice/Necr       #.........   100%        6    #######


Dungeon Overview and Level Annotations

Branches:
Dungeon (8/15)             Temple (0/1) D:7
   Lair: D:8-11

Altars:
Elyvilon
Fedhas
Gozag
Kikubaaqudgha
Makhleb
Nemelex Xobeh
Trog
The Shining One

Shops:
D:4 =((   D:5 ?   D:8 [

Annotations:
D:2 exclusion: downstairs
D:6 dvd2's ghost, novice DsSk
D:7 2 transporters, flogoulo's ghost, novice GrGl


Innate Abilities, Weirdness & Mutations

You have a beak for a mouth.
Your mind is acute. (Int +2)


Message History

* * * LOW HITPOINT WARNING * * *
The manticore claws you but does no damage.
Unknown command.
You hit the manticore but do no damage. Your peck misses the manticore.
The manticore is heavily wounded.
The manticore bites you.
* * * LOW HITPOINT WARNING * * *
The manticore barely misses you.
The manticore claws you but does no damage.
Your shield and chain mail prevent you from hitting the manticore.
The manticore is heavily wounded.
You block the manticore's attack. The manticore claws you!
* * * LOW HITPOINT WARNING * * *
The manticore claws you.
* * * LOW HITPOINT WARNING * * *
You hit the manticore.
The manticore is severely wounded.
The manticore bites you!
You die...
Kikubaaqudgha rasps: "You have failed me!
Welcome... death!"

#.#.......#+#. .#####
#.#.####....#. .....
#.#<###[......
.##.#.#####†#...'.......
............#####.......
..#.#.#.....# #######.
............# #.
..#.#h#.....+ #.
......H@....# #.
#.#.#.#.....# ##
#............#
##########...# .....
..... .... ...


You could see a manticore and a hound.

Vanquished Creatures
  A two-headed ogre (D:6)
  Pikel (D:5)
  2 ice beasts (D:6)
  A black bear (D:7)
  An ogre (D:3)
  A phantom (D:7)
  2 centaurs
  4 big kobolds (D:6)
  A bullfrog (D:7)
  Blork the orc (D:5)
  2 scorpions
  4 killer bees
  2 electric eels (D:6)
  A bullfrog zombie (D:7)
  A crimson imp (D:5)
  A centaur zombie (D:5)
  3 hounds
  A bullfrog skeleton (D:5)
  A centaur skeleton (D:3)
  An orc priest (D:5)
  6 orc wizards
  6 iguanas
  A worker ant (D:4)
  2 hound skeletons
  A hound zombie (D:5)
  Robin (D:3)
  10 gnolls (D:6)
  11 adders
  An ooze (D:6)
  4 worms
  3 dart slugs
  5 leopard geckos
  17 orcs
  6 bats
  3 giant cockroaches
  39 goblins
  24 hobgoblins
  7 jackals
  4 quokkas
  8 frilled lizards
  2 giant cockroach zombies
  A jackal skeleton (D:6)
  7 kobolds
  4 rats
205 creatures vanquished.

Vanquished Creatures (others)
  An ogre (D:5)
  A bullfrog zombie (D:5)
  A quokka (D:5)
3 creatures vanquished.

Grand Total: 208 creatures vanquished

Notes
Turn   | Place    | Note
-------+----------+-------------------------------------------
     0 | D:1      | Htamos the Hill Orc Fire Elementalist began the quest for
                  | the Orb.
     0 | D:1      | Reached XP level 1. HP: 14/14 MP: 3/3
   456 | D:1      | Reached XP level 2. HP: 10/20 MP: 2/4
  1282 | D:2      | Reached XP level 3. HP: 23/27 MP: 5/5
  1659 | D:2      | Reached skill level 1 in Axes
  2316 | D:2      | Reached XP level 4. HP: 18/34 MP: 6/6
  2512 | D:3      | Noticed Robin
  2822 | D:3      | Found an ancient bone altar of Kikubaaqudgha.
  2823 | D:3      | Found a blossoming altar of Fedhas.
  2837 | D:3      | Became a worshipper of Kikubaaqudgha
  2880 | D:3      | Found a bloodstained altar of Trog.
  2904 | D:3      | Reached skill level 1 in Fighting
  2904 | D:3      | Reached skill level 2 in Axes
  3088 | D:3      | Reached XP level 5. HP: 29/40 MP: 8/8
  3351 | D:3      | Killed Robin
  3412 | D:3      | Found a faded altar of an unknown god.
  3535 | D:3      | Noticed an ogre
  3627 | D:4      | Reached skill level 1 in Armour
  3830 | D:4      | Found Duon's Antique Weapon Emporium.
  3863 | D:4      | Found Emuomp's Jewellery Shoppe.
  4041 | D:4      | Gained mutation: Your spells are a little harder to cast,
                  | but a little more powerful. [potion of mutation]
  4041 | D:4      | Gained mutation: You are somewhat resistant to further
                  | mutation. [potion of mutation]
  4048 | D:4      | Reached skill level 3 in Axes
  4256 | D:4      | Noticed Sigmund
  4257 | D:4      | Noticed Sigmund
  4257 | D:4      | Sigmund changed into Sigmund the worm
  4276 | D:4      | Killed Sigmund the worm
  4276 | D:4      | Reached * piety under Kikubaaqudgha
  4276 | D:4      | Identified Kikubaaqudgha's Almanac of Stolen Souls
                  | (Kikubaaqudgha gifted it to you on level 4 of the Dungeon)
  4276 | D:4      | Received a gift from Kikubaaqudgha
  4277 | D:4      | Reached XP level 6. HP: 40/48 MP: 4/9
  4505 | D:4      | Found Etaeganunk's Antique Weapon Emporium.
  4511 | D:4      | Noticed a golden eye
  4511 | D:4      | an ogre changed into a golden eye
  5551 | D:5      | Entered Level 5 of the Dungeon
  5975 | D:5      | Reached skill level 4 in Axes
  5975 | D:5      | Reached XP level 7. HP: 50/55 MP: 10/10
  5995 | D:5      | Lost mutation: Your spells are a little harder to cast, but
                  | a little more powerful. [potion of mutation]
  5995 | D:5      | Lost mutation: You are somewhat resistant to further
                  | mutation. [potion of mutation]
  5995 | D:5      | Gained mutation: You have a beak for a mouth. [potion of
                  | mutation]
  5995 | D:5      | Gained mutation: Your mind is acute. (Int +2) [potion of
                  | mutation]
  6184 | D:5      | Noticed Blork the orc
  6208 | D:5      | Killed Blork the orc
  6534 | D:5      | Noticed Pikel
  6588 | D:5      | Killed Pikel
  6588 | D:5      | Reached skill level 5 in Axes
  6588 | D:5      | Reached XP level 8. HP: 22/63 MP: 10/12
  6815 | D:5      | Reached skill level 5 in Fire Magic
  7081 | D:5      | Found a burning altar of Makhleb.
  7129 | D:5      | Found Xululol's Magic Scroll Emporium.
  7298 | D:5      | Reached skill level 6 in Axes
  7543 | D:6      | Noticed a two-headed ogre
  7547 | D:6      | Killed a two-headed ogre
  7547 | D:6      | Reached skill level 7 in Axes
  7547 | D:6      | Reached XP level 9. HP: 72/72 MP: 12/14
  7825 | D:6      | Found a runed translucent door.
  7847 | D:6      | Noticed dvd2's ghost (novice DsSk)
  7941 | D:6      | Reached ** piety under Kikubaaqudgha
  8064 | D:6      | Found a faded altar of an unknown god.
  8064 | D:6      | Found a white marble altar of Elyvilon.
  8079 | D:6      | Found a glowing golden altar of the Shining One.
  8081 | D:6      | Found a sparkling altar of Nemelex Xobeh.
  8083 | D:6      | Found an opulent altar of Gozag.
  8900 | D:6      | Reached *** piety under Kikubaaqudgha
  8900 | D:6      | Identified Kikubaaqudgha's Guide on Unholy Secrets
                  | (Kikubaaqudgha gifted it to you on level 6 of the Dungeon)
  8900 | D:6      | Received a gift from Kikubaaqudgha
  8932 | D:6      | Reached skill level 8 in Axes
  9171 | D:6      | Reached skill level 5 in Fighting
  9496 | D:7      | Found a transporter.
  9530 | D:7      | Found a transporter.
  9530 | D:7      | Identified the +5 scimitar "Htamos's Curse" {vamp, *Corrode
                  | Str-2 Dex+9 SInv}
  9531 | D:7      | Noticed flogoulo's ghost (novice GrGl)
  9532 | D:7      | Noticed a moth of wrath
  9595 | D:7      | Noticed a cyclops
  9597 | D:7      | Found a bloodstained altar of Trog.
  9928 | D:7      | Reached **** piety under Kikubaaqudgha
 10122 | D:7      | Found a staircase to the Ecumenical Temple.
 11065 | D:8      | Found Naef's Antique Armour Shoppe.
 11473 | D:8      | Reached XP level 10. HP: 69/81 MP: 15/15
 11767 | D:7      | Reached skill level 9 in Axes
 11917 | D:8      | Noticed a manticore
 11937 | D:8      | HP: 1/81 [manticore (4)]
 11938 | D:8      | Mangled by a manticore

Levels and vault maps discovered:
D:1:      matt_arrival_grand_opening, layout_rooms
D:2:      layout_loops_ring
D:3:      layout_basic, grunt_temple_overflow_growth_and_decay,
          nicolae_overflow_crystal_walls, chequers_ecumenical_altar_island,
          first_ration, kennysheep_generic_room_8, uniq_robin
D:4:      layout_cave_pods, serial_shops, nicolae_shop_statue_plus, shop,
          nicolae_shop_overgrown_old_shop, uniq_sigmund
D:5:      layout_gridville, kennysheep_little_box, serial_shops, shop,
          uniq_pikel, uniq_blork_the_orc
D:6:      minmay_goblin_kobold_castle, layout_cave_pools,
          chequers_temple_overflow_minitemple, ebering_ghost_reflecting_pool,
          nicolae_zen_rock_garden
D:7:      layout_loops_corners, minmay_temple_entry_hall,
          gammafunk_ghost_wrathful_warriors
D:8:      layout_basic, serial_glass, glass_columns_b, glass_columns_c,
          serial_shops, nicolae_shop_waterfront

Skill      XL: |  1  2  3  4  5  6  7  8  9 10 |
---------------+-------------------------------+-----
Stealth        | 2 |  2.6
Axes           | 1 2 3 4 5 7 8 9 |  9.1
Dodging        | 2 3 4 |  4.3
Fighting       | 1 2 3 4 5 |  5.4
Spellcasting   | 2 3 4 |  4.0
Conjurations   | 2 3 4 |  4.7
Armour         | 1 2 3 4 |  4.9
Fire Magic     | 4 5 6 |  6.3
Short Blades   | |  0.1

Action                   |  1- 3 |  4- 6 |  7- 9 | 10-12 || total
-------------------------+-------+-------+-------+-------++-------
Melee: Short sword       |    51 |    20 |       |       ||    71
       Club              |     2 |       |       |       ||     2
       Hand axe          |    84 |   259 |   557 |    56 ||   956
       Peck              |       |       |    65 |    10 ||    75
       Flail             |       |       |    23 |       ||    23
Throw: Boomerang         |       |       |     6 |     6 ||    12
 Cast: Flame Tongue      |    17 |       |       |       ||    17
Evoke: Wand              |       |     6 |     7 |       ||    13
  Use: Potion            |       |     9 |     3 |       ||    12
       Scroll            |       |     6 |    14 |       ||    20
 Stab: Sleeping          |     3 |       |       |       ||     3
  Eat: Chunk             |     4 |     2 |    12 |     2 ||    20
       Ration            |       |     3 |     2 |       ||     5
Armor: Robe              |    35 |       |       |       ||    35
       Chain mail        |    10 |   166 |   369 |    28 ||   573
       Skin              |       |     5 |       |       ||     5
Dodge: Dodged            |    88 |    56 |   148 |    25 ||   317
Block: Buckler           |       |     8 |    68 |    10 ||    86

Table legend:
 A = Non-vault XP
 B = Vault XP
 C = Vault XP percentage of total XP
 D = Non-vault monster count
 E = Vault monster count
 F = Vault count percentage of total count
                 A         B        C        D         E       F
            +---------+---------+-------+---------+---------+-------
      Total |    3568 |    1374 |  27.8 |     131 |      74 |  36.1
            +---------+---------+-------+---------+---------+-------
        D:1 |      24 |       0 |   0.0 |      15 |       0 |   0.0
        D:2 |      64 |       2 |   3.0 |      19 |       1 |   5.0
        D:3 |     231 |      26 |  10.1 |      15 |       7 |  31.8
        D:4 |     186 |       5 |   2.6 |      14 |       1 |   6.7
        D:5 |     443 |     704 |  61.4 |      14 |       2 |  12.5
        D:6 |    1695 |     637 |  27.3 |      32 |      63 |  66.3
        D:7 |     668 |       0 |   0.0 |      13 |       0 |   0.0
        D:8 |     257 |       0 |   0.0 |       9 |       0 |   0.0
            +---------+---------+-------+---------+---------+-------
